 Dungeon Crawl Stone Soup version 0.30-a0-509-gd016549fea (webtiles) character file.

Game seed: 16398322862182754585

756 avis the Shooter (level 7, -1/85 HPs)
             Began as a Demigod Hunter on Dec 22, 2022.
             Slain by an iguana (4 damage)
             ... on level 5 of the Dungeon.
             The game lasted 00:16:14 (3837 turns).

avis the Shooter (Demigod Hunter)                   Turns: 3837, Time: 00:16:14

Health: -1/85      AC: 23    Str: 12    XL:     7   Next: 25%
Magic:  9/9        EV:  2    Int: 11    God:
Gold:   150        SH:  0    Dex: 31    Spells: 6/6 levels left

rFire   . . .      SeeInvis .    a - +0 shortbow
rCold   . . .      Faith    .    (shield currently unavailable)
rNeg    . . .      Spirit   .    (body armour currently unavailable)
rPois   +          Reflect  .    (helmet currently unavailable)
rElec   .          Harm     .    (cloak currently unavailable)
rCorr   .          Rampage  .    (gloves currently unavailable)
Will    .....      NoTele   +    (boots currently unavailable)
Stlth   +++.......               (no amulet)
HPRegen 0.34/turn                c - ring of poison resistance
MPRegen 0.11/turn                t - +6 ring of dexterity

@: tree-form, hasted, very quick
A: stationary, stasis, torment immunity, boosted hp, high MP 1, forlorn, divine
attributes
a: no special abilities


You were on level 5 of the Dungeon.
You were a tree.
You visited 1 branch of the dungeon, and saw 5 of its levels.

You collected 150 gold pieces.

Inventory:

Hand Weapons
 a - a +0 shortbow (weapon)
 x - a +0 sling
Armour
 o - a +1 cloak (melded)
 p - a +0 pair of boots (melded)
 r - a +1 robe of positive energy (melded)
Jewellery
 c - a ring of poison resistance (left branch)
 t - a +6 ring of dexterity (right branch)
 u - a ring of protection from fire
 y - a ring of resist corrosion
Wands
 v - a wand of quicksilver (6)
 z - a wand of digging (7)
Scrolls
 b - a scroll of immolation
 d - 5 scrolls of identify {unknown}
 f - a scroll of poison {unknown}
 j - a scroll of magic mapping {unknown}
 l - 3 scrolls of teleportation {unknown}
 q - a scroll of amnesia {unknown}
 s - a scroll of fog {unknown}
 A - a scroll of torment {unknown}
Potions
 e - a potion of lignification
 g - a potion of haste
 h - a potion of heal wounds {unknown}
 i - a potion of flight {unknown}
 k - a potion of mutation {unknown}
 m - 2 potions of degeneration {unknown}
 n - a potion of might {unknown}
 w - a potion of brilliance {unknown}


   Skills:
 - Level 3.0 Fighting
 - Level 6.0 Ranged Weapons
 * Level 5.7 Dodging
 - Level 1.0 Stealth


You had 6 spell levels left.
You didn't know any spells.
Your spell library contained the following spells:

 Spells                   Type           Power      Damage    Failure   Level
 Slow                     Hex            0%         N/A       34%         1
 Sting                    Tmut/Pois      0%         1d3       34%         1
 Poisonous Vapours        Pois/Air       0%         N/A       47%         2
 Call Canine Familiar     Summ           0%         N/A       71%         3
 Confusing Touch          Hex            0%         N/A       71%         3
 Ignite Poison            Fire/Tmut/Pois 0%         N/A       71%         3
 Vampiric Draining        Necr           0%         2d6       71%         3
 Animate Armour           Summ/Erth      0%         N/A       98%         4
 Olgreb's Toxic Radiance  Pois           0%         N/A       98%         4
 Sticky Flame             Conj/Fire      0%         2d3       98%         4
 Summon Cactus Giant      Summ           0%         N/A       100%        6
 Haunt                    Necr/Summ      0%         N/A       100%        7
 Spellforged Servitor     Conj/Summ      0%         N/A       100%        7
 Ignition                 Fire           0%         3d3       100%        8


Dungeon Overview and Level Annotations

Branches:
Dungeon (5/15)
 Temple: D:4-7


Innate Abilities, Weirdness & Mutations

You are a tree.
Your roots penetrate the ground, keeping you stationary.
You cannot be teleported.
You are immune to unholy pain and torment.
Your maximum health is greatly increased.
Your equipment is partially melded.
You have an increased reservoir of magic. (+10% MP)
You shall have no god before yourself.
Your divine heritage dramatically boosts your attributes as you level up.


Message History

Something hits you but does no damage.
The iguana bites you but does no damage.
Fire: a) +0 shortbow
Press: ? - help, Q - select action, (/) - cycle Shift-Dir - straight line You shoot an arrow.
The iguana bites you but does no damage.
Something hits you but does no damage.
The gnoll bouda zaps a wand.
Some rock shatters into small pieces.
An orc wizard comes into view. It is wielding a +0 dagger.
Unknown command.
Fire: a) +0 shortbow
Press: ? - help, Q - select action, (/) - cycle Shift-Dir - straight line, f - iguana
Aim: an iguana (73% to hit)
You shoot an arrow. The arrow hits the iguana!
The iguana is heavily wounded.
The sentinel's mark upon you fades away.
The iguana barely misses you. Something hits you.
* * * LOW HITPOINT WARNING * * *
The orc priest miscasts a cantrip.
Fire: a) +0 shortbow
Press: ? - help, Q - select action, (/) - cycle Shift-Dir - straight line, p - iguana You shoot an arrow.
The iguana bites you.
* * * LOW HITPOINT WARNING * * *
Something hits you but does no damage.
The orc wizard casts a spell.
The orc wizard flickers and vanishes!
Unknown command.
Fire: a) +0 shortbow
Press: ? - help, Q - select action, (/) - cycle Shift-Dir - straight line, f - iguana
Aim: an iguana (heavily wounded, 73% to hit)
You shoot an arrow. The arrow hits the iguana.
The iguana is severely wounded.
The gnoll bouda hits you but does no damage.
Something hits you but does no damage. The iguana bites you.
* * * LOW HITPOINT WARNING * * *
The gnoll hits you but does no damage.
Unknown command.
It was a potion of haste.
You feel yourself speed up. The iguana bites you.
You die...

...########
#........#
#........#
##........#
.{........#
#{o..†...#
#oo...)..#
#l#####..#######
#♣{gg.gg).......
##g####.[.....##
## #######.#


You could see a gnoll bouda, an iguana, an orc priest, an orc wizard, 4 gnolls
and an orc.

Vanquished Creatures
  2 ogres (D:5)
  A centaur (D:5)
  A phantom (D:4)
  2 hounds
  2 jellies (D:4)
  An orc priest (D:3)
  Jessica (D:2)
  4 orc wizards
  4 adders
  3 gnolls (D:2)
  2 worms (D:2)
  6 dart slugs
  13 orcs
  9 endoplasms
  3 giant cockroaches
  9 goblins
  4 hobgoblins
  3 jackals (D:1)
  A kobold (D:1)
  A quokka (D:4)
  6 ball pythons
  2 bats
  4 frilled lizards
  4 rats
88 creatures vanquished.

Notes
Turn   | Place    | Note
-------+----------+-------------------------------------------
     0 | D:1      | avis the Demigod Hunter began the quest for the Orb.
     0 | D:1      | Reached XP level 1. HP: 17/17 MP: 3/3
   271 | D:1      | Reached skill level 4 in Ranged Weapons
   277 | D:1      | Reached XP level 2. HP: 24/24 MP: 4/4
   922 | D:2      | Reached XP level 3. HP: 29/29 MP: 5/5
  1126 | D:2      | Reached skill level 1 in Stealth
  1169 | D:2      | Reached XP level 4. HP: 29/37 MP: 6/6
  1505 | D:2      | Noticed Jessica
  1508 | D:2      | Killed Jessica
  2025 | D:3      | Got Sif Muna's Vellum of Assembling
  2452 | D:3      | Reached XP level 5. HP: 29/45 MP: 7/7
  2900 | D:4      | Reached skill level 5 in Ranged Weapons
  3295 | D:4      | Reached skill level 6 in Ranged Weapons
  3295 | D:4      | Reached XP level 6. HP: 51/51 MP: 8/8
  3603 | D:5      | Entered Level 5 of the Dungeon
  3649 | D:5      | Got the Omnibus of Rallying
  3824 | D:5      | Reached skill level 5 in Dodging
  3824 | D:5      | Reached XP level 7. HP: 36/57 MP: 9/9
  3836 | D:5      | HP: 2/85 [iguana (4)]
  3837 | D:5      | Slain by an iguana

Illustrated notes

Levels and vault maps discovered:
D:1:      psy_arrival_conway, layout_basic, minmay_pentomino_v2
D:2:      layout_basic, uniq_jessica
D:3:      layout_loops_ring
D:4:      layout_rooms
D:5:      layout_basic, overflow_temple_1_default

Skill      XL: |  1  2  3  4  5  6 |
---------------+-------------------+-----
Ranged Weapons | 4 6 |  6.0
Fighting       | 2 3 |  3.0
Dodging        | 2 3 5 |  5.7
Stealth        | 1 |  1.0

Action                   |  1- 3 |  4- 6 |  7- 9 || total
-------------------------+-------+-------+-------++-------
 Fire: Shortbow          |    83 |   173 |    12 ||   268
  Use: Potion            |       |       |     2 ||     2
Armor: Leather armour    |     7 |     4 |       ||    11
       Robe              |       |    21 |     3 ||    24
       Skin              |       |       |    11 ||    11
Dodge: Dodged            |    23 |    60 |     7 ||    90

Table legend: (Time is in decaauts)
 A = Elapsed time spent in this place.
 B = Non-inter-level travel time spent in this place.
 C = Inter-level travel time spent in this place.
 D = Time resting spent in this place.
 E = Time spent auto-exploring this place.
 F = Levels seen in this place.
 G = Mean time per level.
                   A        B        C        D        E       F      G
               +--------+--------+--------+--------+--------+-----+--------+
         Total |   3916 |   3450 |    466 |    653 |   2094 |   5 |  783.2 |
       Dungeon |   3916 |   3450 |    466 |    653 |   2094 |   5 |  783.2 |
               +--------+--------+--------+--------+--------+-----+--------+

Top non-repeatable levels by time:
     D:2: 1135 daAuts
     D:3: 1018 daAuts
     D:1: 950 daAuts
     D:4: 695 daAuts
     D:5: 117 daAuts
